 Dungeon Crawl Stone Soup version 0.28-a0-1152-g9c71ebef14 (webtiles) character file.

Game seed: 2195366442697209060

4 SensoryNuts the Skirmisher (level 1, 21/22 HPs)
             Began as a Troll Fighter on Dec 14, 2021.
             Quit the game on level 1 of the Dungeon.
             The game lasted 00:00:19 (228 turns).

SensoryNuts the Skirmisher (Troll Fighter)           Turns: 228, Time: 00:00:19

Health: 21/22      AC:  4    Str: 23    XL:     1   Next: 58%
Magic:  0/0        EV:  7    Int:  4    God:
Gold:   0          SH:  7    Dex:  9    Spells: 0/0 levels left

rFire   . . .      SeeInvis .   a - +0 flail
rCold   . . .      Faith    .   c - +0 kite shield
rNeg    . . .      Spirit   .   b - +0 robe
rPois   .          Reflect  .   (helmet restricted)
rElec   .          Harm     .   (no cloak)
rCorr   +          Rampage  .   (gloves unavailable)
Will    .....                   (boots unavailable)
Stlth   +.........              (no amulet)
HPRegen 0.87/turn               h - ring of resist corrosion
MPRegen 0.07/turn               (no ring)

@: no status effects
A: large, unfitting armour, claws 3, regeneration 1, shaggy fur 1, tough skin 1
a: no special abilities


You were on level 1 of the Dungeon.
You visited 1 branch of the dungeon, and saw 1 of its levels.

Inventory:

Hand Weapons
 a - a +0 flail (weapon)
Armour
 b - a +0 robe (worn)
 c - a +0 kite shield (worn)
Jewellery
 h - a ring of resist corrosion (left claw)
Scrolls
 e - a scroll of identify {unknown}
 f - a scroll of teleportation {unknown}
 g - a scroll of amnesia {unknown}
Potions
 d - a potion of might


   Skills:
 + Level 2.5 Fighting
 + Level 1.7 Maces & Flails
 + Level 2.5 Dodging
 + Level 2.4 Shields


You couldn't memorise any spells.
You didn't know any spells.
Your spell library was empty.

Dungeon Overview and Level Annotations

Branches:
Dungeon (1/15)

Altars:


Innate Abilities, Weirdness & Mutations

You are too large for most types of armour.
You have claws for hands.
Your natural rate of healing is unusually fast.
You are covered in fur. (AC +1)
You have tough skin. (AC +1)


Message History

No target in view!
g - a scroll labelled TIUSKA XYPT An endoplasm comes into view.
You see here a +0 ring mail.
You completely miss the endoplasm.
The endoplasm hits you but does no damage.
The endoplasm hits you.
You hit the endoplasm.
The endoplasm is almost dead.
The endoplasm hits you. x2
You sock the endoplasm!
You kill the endoplasm!
No target in view!
No target in view!
No target in view!
No target in view!
h - a ring of resist corrosion A hobgoblin comes into view.
A hobgoblin is nearby!
h - a ring of resist corrosion (left claw)
The hobgoblin shouts!
A hobgoblin is nearby!
A hobgoblin is nearby!
You block the hobgoblin's attack.
You closely miss the hobgoblin. The hobgoblin barely misses you.
You barely miss the hobgoblin.
The hobgoblin hits you but does no damage.
The hobgoblin hits you.
You thump the hobgoblin!
You kill the hobgoblin!
No target in view!
No target in view!
No target in view!
No target in view!
No target in view!
No target in view!
No target in view!
No target in view!
No target in view!
Are you sure you want to abandon this character and quit the game? (Confirm with "yes".)

###................ #
########.....#..........
#
#.........####.#..#.##.#
# #.........# #.#.....#
# #.........# #.......#
#.........# #.###.....
#.........####.# ...##
#.........##...# ...#
#......@......## ..#
#.........##..#
#.........##.....
############.......
#......# #.###### #.#
..#


There were no monsters in sight!

Vanquished Creatures
  An endoplasm (D:1)
  A hobgoblin (D:1)
  A bat (D:1)
  2 frilled lizards (D:1)
5 creatures vanquished.

Notes
Turn   | Place    | Note
-------+----------+-------------------------------------------
     0 | D:1      | SensoryNuts the Troll Fighter began the quest for the Orb.
     0 | D:1      | Reached XP level 1. HP: 22/22 MP: 0/0
   228 | D:1      | Quit the game

Illustrated notes

Levels and vault maps discovered:
D:1:      minmay_arrival_stair_chambers, layout_basic, minmay_misc_feat_room

Action                   || total
-------------------------++-------
Melee: Flail             ||    47
Armor: Robe              ||    42
Dodge: Dodged            ||    22
Block: Kite shield       ||    24

Table legend: (Time is in decaauts)
 A = Elapsed time spent in this place.
 B = Non-inter-level travel time spent in this place.
 C = Inter-level travel time spent in this place.
 D = Time resting spent in this place.
 E = Time spent auto-exploring this place.
 F = Levels seen in this place.
 G = Mean time per level.
                   A        B        C        D        E       F      G
               +--------+--------+--------+--------+--------+-----+--------+
         Total |    252 |    252 |      0 |      0 |    156 |   1 |  252.0 |
       Dungeon |    252 |    252 |      0 |      0 |    156 |   1 |  252.0 |
               +--------+--------+--------+--------+--------+-----+--------+

Top non-repeatable levels by time:
     D:1: 252 daAuts
